AoeStats
← ToyDragon

Socotra

505497388Analyzed
4v4 RM · 23d ago on Sep 9, 2026· 36m 53s· 8 players
Game mode
Random Map
Map size
148×148
Population
200
Speed
Normal
Resources
Standard
Victory
Conquest
Starting age
Dark Age
Ending age
Imperial Age
RankedLock teamsTeams togetherTeam positionsShared explorationLock speedFull tech treeHidden civsTurbo modeCheats
Victory
Defeat
🇲🇽 Wu · Mexico
1462
+14
🇭🇷 Malians · Croatia
1461
+14
🇩🇪 Japanese · Germany
1439
+15
🇲🇽 Hindustanis · Mexico
1390
+17
🇬🇧 Gurjaras · United Kingdom
1568
-21
🇳🇴 Aztecs · Norway
1419
-15
🇹🇼 Britons · Taiwan
1414
-15
🇸🇪 Spanish · Sweden
1265
-9
ToyDragon
6:47 Loom
9:32 Feudal Age
12:53 Double-Bit Axe
23:16 Scale Barding Armor
26:49 Castle Age
25:14 Horse Collar
26:12 Wheelbarrow
25:53 Forging
26:29 Gold Mining
28:02 Husbandry
28:22 Chain Barding Armor
29:11 Iron Casting
31:26 Gold Shaft Mining
35:21 Fletching
Flipper the Priest
7:00 Loom
9:24 Feudal Age
10:04 Double-Bit Axe
14:23 Fletching
24:29 Castle Age
22:42 Padded Archer Armor
23:53 Horse Collar
25:11 Bodkin Arrow
24:41 Crossbowman
25:53 Town Watch
39:02 Imperial Age
[GRR] Siege
8:33 Loom
10:56 Feudal Age
13:34 Scale Barding Armor
18:13 Bloodlines
18:26 Double-Bit Axe
19:32 Horse Collar
24:10 Castle Age
23:25 Forging
25:28 Husbandry
33:27 Chain Barding Armor
[GRR] Lemmit
2:29 Loom
12:46 Feudal Age
13:45 Town Watch
14:26 Fletching
19:43 Wheelbarrow
24:36 Castle Age
22:42 Gold Mining
23:02 Padded Archer Armor
27:52 Bodkin Arrow
27:20 Crossbowman
29:30 Double-Bit Axe
30:10 Horse Collar
33:56 Ballistics
The_ Rock
6:48 Loom
9:49 Feudal Age
10:18 Double-Bit Axe
11:40 Horse Collar
17:26 Wheelbarrow
20:18 Castle Age
18:39 Gold Mining
19:28 Bloodlines
20:02 Scale Barding Armor
20:08 Forging
21:14 Bow Saw
22:16 Chain Barding Armor
21:48 Light Cavalry
26:47 Iron Casting
30:09 Heavy Plow
34:15 Imperial Age
33:53 Husbandry
34:18 Hussar
35:35 Plate Barding Armor
37:58 Blast Furnace
GDL Paquita Industrial
5:31 Loom
5:57 Loom
8:39 Feudal Age
9:44 Double-Bit Axe
10:00 Town Watch
9:56 Horse Collar
23:19 Castle Age
21:53 Gold Mining
22:02 Fletching
22:37 Padded Archer Armor
24:17 Bow Saw
24:07 Heavy Plow
24:11 Bodkin Arrow
25:58 Ballistics
26:27 Wheelbarrow
28:34 Red Cliffs Tactics
28:51 Stone Mining
38:36 Imperial Age
37:03 Gold Shaft Mining
36:48 Leather Archer Armor
Mihoviliam
1:51 Loom
10:52 Feudal Age
11:37 Double-Bit Axe
14:27 Fletching
18:47 Horse Collar
19:32 Padded Archer Armor
24:14 Castle Age
22:29 Gold Mining
24:17 Crossbowman
24:54 Bodkin Arrow
25:12 Thumb Ring
25:25 Leather Archer Armor
27:54 Wheelbarrow
27:06 Town Watch
28:47 Ballistics
31:52 Hand Cart
36:35 Imperial Age
35:02 Bow Saw
[Odst] Sheppard
1:30 Loom
9:58 Feudal Age
10:29 Double-Bit Axe
12:08 Fletching
14:18 Horse Collar
17:30 Padded Archer Armor
22:23 Castle Age
21:33 Gold Mining
22:27 Crossbowman
23:03 Bodkin Arrow
24:23 Heavy Plow
24:40 Bow Saw
26:41 Wheelbarrow
27:08 Leather Archer Armor
28:10 Town Watch
30:22 Thumb Ring
30:45 Ballistics
34:43 Stone Mining
35:30 Gold Shaft Mining
Connection lost

Rejoining the realm…

Still unreachable

The connection could not be restored.

Session expired

The server has moved on; the page needs a fresh start.